ITL
AMARILLO ARCHDUKES @ INDIANA HOUNDS
05/06/2028
 
TOP OF THE 1ST
Amarillo Archdukes batting - Pitching for Indiana Hounds : RHP Alvin Heath
Pitching: RHP Alvin Heath
Batting: LHB John Frost 0-0: Called Strike
0-1: Called Strike
0-2: Strikes out swinging
Batting: RHB Norm Francis 0-0: Ball
1-0: Ball
2-0: Foul Ball, location: 2F
2-1: Foul Ball, location: 2F
2-2: Foul Ball, location: 2F
2-2: Foul Ball, location: 2F
2-2: Foul Ball, location: 2F
2-2: Ground out 1-3 (Groundball, 15)
Batting: LHB Michael Cook 0-0: Foul Ball, location: 2F
0-1: Foul Ball, location: 2F
0-2: Ball
1-2: Ball
2-2: Ball
3-2: Ground out 1-3 (Groundball, P)
Top of the 1st over - 0 run(s), 0 hit(s), 0 error(s), 0 left on base; Amarillo 0 - Indiana 0
BOTTOM OF THE 1ST
Indiana Hounds batting - Pitching for Amarillo Archdukes : RHP Sébastien Benoit
Pitching: RHP Sébastien Benoit
Batting: RHB Javier Martínez 0-0: Ball
1-0: Called Strike
1-1: Swinging Strike
1-2: Strikes out swinging
Batting: RHB Doug Murray 0-0: Called Strike
0-1: Ball
1-1: SINGLE (Line Drive, 7S)
Batting: RHB Jeff Jones 0-0: Ball
1-0: Ball
2-0: Called Strike
2-1: Ball
3-1: Base on Balls
Doug Murray to second
Batting: LHB Denny Poole 0-0: Ball
1-0: SINGLE (Flyball, 89S)
Doug Murray to third
Jeff Jones to second
Runner from 3rd tries for Home, throw and OUT!
Jeff Jones to third
Denny Poole to second
Batting: RHB Octávio Marín 0-0: Ball
1-0: Ball
2-0: Ground out 5-3 (Groundball, 56)
Bottom of the 1st over - 0 run(s), 2 hit(s), 0 error(s), 2 left on base; Amarillo 0 - Indiana 0
TOP OF THE 2ND
Amarillo Archdukes batting - Pitching for Indiana Hounds : RHP Alvin Heath
Batting: LHB Ron Crawford 0-0: Foul Ball, location: 2F
0-1: Ball
1-1: Swinging Strike
1-2: Ball
2-2: Strikes out looking
Batting: LHB Howard Lambert 0-0: Called Strike
0-1: Foul Ball, location: 2F
0-2: Strikes out swinging
Batting: LHB Pedro Díaz 0-0: DOUBLE (Line Drive, 89D)
Batting: RHB Esteban Lara 0-0: Swinging Strike
0-1: Ball
1-1: Ball
2-1: Ball
3-1: Base on Balls
Batting: RHB José Ruíz 0-0: Ball
1-0: Foul Ball, location: 2F
1-1: SINGLE (Groundball, 56D)
Pedro Díaz to third
Esteban Lara to second
Runner from 3rd tries for Home, SAFE, no throw
Batting: RHB Nobuharu Hoshino 0-0: Called Strike
0-1: Called Strike
0-2: Ball
1-2: Strikes out swinging
Top of the 2nd over - 1 run(s), 2 hit(s), 0 error(s), 2 left on base; Amarillo 1 - Indiana 0
BOTTOM OF THE 2ND
Indiana Hounds batting - Pitching for Amarillo Archdukes : RHP Sébastien Benoit
Batting: LHB Dave Watson 0-0: DOUBLE (Groundball, 3L)
Batting: LHB Pete Carter 0-0: Ball
1-0: Ball
2-0: Swinging Strike
2-1: Ball
3-1: Foul Ball, location: 2F
3-2: Foul Ball, location: 2F
3-2: Strikes out swinging, 2-3 out at first.
Batting: SHB Charles Alexander 0-0: Reached on error, E6 (Groundball, 56)
Dave Watson to third
Batting: LHB Dave Helásquez 0-0: Called Strike
0-1: Swinging Strike
0-2: Ball
1-2: Foul Ball, location: 2F
1-2: Foul Ball, location: 2F
1-2: Ball
2-2: Ball
3-2: 3-RUN HOME RUN (Flyball, 89XD), Distance : 401 ft
Batting: RHB Javier Martínez 0-0: Ground out 4-3 (Groundball, 4)
Batting: RHB Doug Murray 0-0: Foul Ball, location: 2F
0-1: Ball
1-1: Foul Ball, location: 2F
1-2: Foul Ball, location: 2F
1-2: Strikes out looking
Bottom of the 2nd over - 3 run(s), 2 hit(s), 1 error(s), 0 left on base; Amarillo 1 - Indiana 3
TOP OF THE 3RD
Amarillo Archdukes batting - Pitching for Indiana Hounds : RHP Alvin Heath
Batting: LHB John Frost 0-0: Swinging Strike
0-1: SOLO HOME RUN (Flyball, 89XD), Distance : 401 ft
Batting: RHB Norm Francis 0-0: Called Strike
0-1: Ball
1-1: Swinging Strike
1-2: Fly out, F8 (Flyball, 8LS)
Batting: LHB Michael Cook 0-0: Ball
1-0: Called Strike
1-1: Ball
2-1: Fly out, F4 (Line Drive, 4)
Batting: LHB Ron Crawford 0-0: Ball
1-0: Ball
2-0: Fly out, F8 (Flyball, 8LD)
Top of the 3rd over - 1 run(s), 1 hit(s), 0 error(s), 0 left on base; Amarillo 2 - Indiana 3
BOTTOM OF THE 3RD
Indiana Hounds batting - Pitching for Amarillo Archdukes : RHP Sébastien Benoit
Batting: RHB Jeff Jones 0-0: Ball
1-0: Ball
2-0: Ball
3-0: Called Strike
3-1: Base on Balls
Batting: LHB Denny Poole 0-0: Called Strike
0-1: Ball
1-1: Swinging Strike
1-2: Ball
2-2: Foul Ball, location: 2F
2-2: Foul Ball, location: 2F
2-2: Foul Ball, location: 2F
2-2: Foul Ball, location: 2F
2-2: Ball
3-2: SINGLE (Line Drive, 89S)
Jeff Jones to second
Batting: RHB Octávio Marín 0-0: Foul Ball, location: 2F
0-1: Grounds into double play, 5-4-3 (Groundball, 56)
Jeff Jones to third
Batting: LHB Dave Watson 0-0: Ball
1-0: Ball
2-0: Ball
3-0: Base on Balls
Batting: LHB Pete Carter 0-0: Called Strike
0-1: Called Strike
0-2: Ground out 6-3 (Groundball, 6S)
Bottom of the 3rd over - 0 run(s), 1 hit(s), 0 error(s), 2 left on base; Amarillo 2 - Indiana 3
TOP OF THE 4TH
Amarillo Archdukes batting - Pitching for Indiana Hounds : RHP Alvin Heath
Batting: LHB Howard Lambert 0-0: Called Strike
0-1: Called Strike
0-2: Ball
1-2: Ground out U3 (Groundball, 3)
Batting: LHB Pedro Díaz 0-0: Foul Ball, location: 2F
0-1: Ball
1-1: Fly out, F9 (Flyball, 9LSF)
Batting: RHB Esteban Lara 0-0: Ball
1-0: Foul Ball, location: 2F
1-1: DOUBLE (Line Drive, 89XD)
Batting: RHB José Ruíz 0-0: Called Strike
0-1: Swinging Strike
0-2: Ball
1-2: Ball
2-2: Ball
Wild Pitch!
Esteban Lara to third
3-2: Strikes out swinging
Top of the 4th over - 0 run(s), 1 hit(s), 0 error(s), 1 left on base; Amarillo 2 - Indiana 3
BOTTOM OF THE 4TH
Indiana Hounds batting - Pitching for Amarillo Archdukes : RHP Sébastien Benoit
Batting: SHB Charles Alexander 0-0: Called Strike
0-1: Ball
1-1: Called Strike
1-2: Ball
2-2: Ball
3-2: Strikes out swinging
Batting: LHB Dave Helásquez 0-0: Ball
1-0: SINGLE (Line Drive, 89S)
Batting: RHB Javier Martínez 0-0: Ball
1-0: Called Strike
1-1: Ball
2-1: Foul Ball, location: 2F
2-2: Strikes out swinging
Batting: RHB Doug Murray 0-0: Called Strike
0-1: Ball
1-1: Ball
2-1: Ball
3-1: SINGLE (Line Drive, 7LS)
Dave Helásquez to second
Batting: RHB Jeff Jones 0-0: Foul Ball, location: 2F
0-1: Called Strike
0-2: Ball
1-2: Ball
2-2: Ball
3-2: Base on Balls
Dave Helásquez to third
Doug Murray to second
Batting: LHB Denny Poole 0-0: Ball
1-0: Ball
2-0: Ball
3-0: Called Strike
3-1: Foul Ball, location: 2F
3-2: Base on Balls
Dave Helásquez scores
Doug Murray to third
Jeff Jones to second
Pitching: RHP Dalton Ray
Batting: RHB Octávio Marín 0-0: Foul Ball, location: 2F
0-1: Swinging Strike
0-2: Ball
1-2: Ball
2-2: Strikes out swinging
Bottom of the 4th over - 1 run(s), 2 hit(s), 0 error(s), 3 left on base; Amarillo 2 - Indiana 4
TOP OF THE 5TH
Amarillo Archdukes batting - Pitching for Indiana Hounds : RHP Alvin Heath
Batting: RHB Nobuharu Hoshino 0-0: Ball
1-0: Fly out, F6 (Line Drive, 6M)
Batting: LHB John Frost 0-0: Foul Ball, location: 2F
0-1: Ball
1-1: Foul Ball, location: 2F
1-2: Foul Ball, location: 2F
1-2: Ground out U3 (Groundball, 34)
Batting: RHB Norm Francis 0-0: Ball
1-0: SINGLE (Line Drive, 8LS)
Batting: LHB Michael Cook 0-0: Called Strike
0-1: Swinging Strike
0-2: Ball
1-2: DOUBLE (Line Drive, 9LM)
Norm Francis to third
Runner from 3rd tries for Home, SAFE, no throw
Batting: LHB Ron Crawford 0-0: Ball
1-0: Called Strike
1-1: Swinging Strike
1-2: Foul Ball, location: 2F
1-2: Strikes out swinging, 2-3 out at first.
Top of the 5th over - 1 run(s), 2 hit(s), 0 error(s), 1 left on base; Amarillo 3 - Indiana 4
BOTTOM OF THE 5TH
Indiana Hounds batting - Pitching for Amarillo Archdukes : RHP Dalton Ray
Batting: LHB Dave Watson 0-0: Swinging Strike
0-1: Ball
1-1: Ball
2-1: Ball
3-1: Called Strike
3-2: Strikes out swinging
Batting: LHB Pete Carter 0-0: Called Strike
0-1: Swinging Strike
0-2: Ball
1-2: Strikes out swinging
Batting: SHB Charles Alexander 0-0: Ball
1-0: Foul Ball, location: 2F
1-1: Ball
2-1: Ground out 6-3 (Groundball, 6)
Bottom of the 5th over - 0 run(s), 0 hit(s), 0 error(s), 0 left on base; Amarillo 3 - Indiana 4
TOP OF THE 6TH
Amarillo Archdukes batting - Pitching for Indiana Hounds : RHP Alvin Heath
Batting: LHB Howard Lambert 0-0: Ball
1-0: Ball
2-0: Foul Ball, location: 2F
2-1: SINGLE (Line Drive, 89M)
Batting: LHB Pedro Díaz 0-0: Ball
1-0: Called Strike
1-1: Ball
2-1: Foul Ball, location: 2F
2-2: Strikes out swinging
Batting: RHB Esteban Lara 0-0: Ball
Howard Lambert is caught stealing 2nd base
1-0: Foul Ball, location: 2F
1-1: Foul Ball, location: 2F
1-2: Strikes out swinging
Top of the 6th over - 0 run(s), 1 hit(s), 0 error(s), 0 left on base; Amarillo 3 - Indiana 4
BOTTOM OF THE 6TH
Indiana Hounds batting - Pitching for Amarillo Archdukes : RHP Dalton Ray
Batting: LHB Dave Helásquez 0-0: Ball
1-0: Called Strike
1-1: SINGLE (Line Drive, 56D)
Batting: RHB Javier Martínez 0-0: Ball
1-0: Called Strike
1-1: Ball
2-1: Ball
3-1: Fly out, F9 (Flyball, 9)
Batting: RHB Doug Murray 0-0: Swinging Strike
0-1: Ball
1-1: SINGLE (Line Drive, 8LS)
Dave Helásquez to second
Batting: RHB Jeff Jones 0-0: Ball
1-0: Swinging Strike
1-1: Fly out, F9 (Flyball, 89M)
Batting: LHB Denny Poole 0-0: Swinging Strike
0-1: Ball
1-1: Swinging Strike
1-2: Strikes out swinging
Bottom of the 6th over - 0 run(s), 2 hit(s), 0 error(s), 2 left on base; Amarillo 3 - Indiana 4
TOP OF THE 7TH
Amarillo Archdukes batting - Pitching for Indiana Hounds : RHP Alvin Heath
Batting: RHB José Ruíz 0-0: Ball
1-0: Called Strike
1-1: Called Strike
1-2: Ball
2-2: Ball
3-2: Fly out, F8 (Flyball, 8RM)
Pitching: RHP Enrique Gómez
Batting: RHB Nobuharu Hoshino 0-0: Called Strike
0-1: Ball
1-1: Fly out, F2 (Popup, 13S)
Batting: LHB John Frost 0-0: Ball
1-0: Foul Ball, location: 2F
1-1: Ball
2-1: Ground out 4-3 (Groundball, 4)
Top of the 7th over - 0 run(s), 0 hit(s), 0 error(s), 0 left on base; Amarillo 3 - Indiana 4
BOTTOM OF THE 7TH
Indiana Hounds batting - Pitching for Amarillo Archdukes : RHP Dalton Ray
Batting: RHB Octávio Marín 0-0: Ball
1-0: Ball
2-0: Ball
3-0: Called Strike
3-1: Called Strike
3-2: Foul Ball, location: 2F
3-2: Foul Ball, location: 2F
3-2: Ground out 6-3 (Groundball, 6)
Batting: LHB Dave Watson 0-0: Called Strike
0-1: Swinging Strike
0-2: Ball
1-2: Ball
2-2: Ball
3-2: Base on Balls
Pinch Hitting: LHB Pepe Vázquez 0-0: Ball
1-0: SINGLE (Groundball, 34D)
Dave Watson to second
Runner from 2nd tries for 3rd, SAFE, throw made to third
Pinch Hitting: RHB Danny Walker 0-0: Called Strike
Pepe Vázquez steals 2nd base
0-1: Ball
1-1: Ground out 6-3 (Groundball, 6S)
Batting: LHB Dave Helásquez 0-0: Ground out 4-3 (Groundball, 4M)
Bottom of the 7th over - 0 run(s), 1 hit(s), 0 error(s), 2 left on base; Amarillo 3 - Indiana 4
TOP OF THE 8TH
Amarillo Archdukes batting - Pitching for Indiana Hounds : RHP Enrique Gómez
Pitching: RHP Mike Meeks
Now at 2B: Danny Walker
Now in CF: Pepe Vázquez
Batting: RHB Norm Francis 0-0: Ball
1-0: Called Strike
1-1: Called Strike
1-2: Ground out 6-3 (Groundball, 6)
Batting: LHB Michael Cook 0-0: SINGLE (Line Drive, 89M)
Batting: LHB Ron Crawford 0-0: Called Strike
0-1: Fielders Choice at 2nd, 6-4 (Groundball, 6)
Batting: LHB Howard Lambert 0-0: Ball
1-0: Swinging Strike
1-1: Ball
2-1: Foul Ball, location: 2F
2-2: Ball
3-2: 2-RUN HOME RUN (Flyball, 89XD), Distance : 398 ft
Batting: LHB Pedro Díaz 0-0: SINGLE (Line Drive, 34S)
Pitching: RHP Ronald Moore
Batting: RHB Esteban Lara 0-0: Ball
1-0: Foul Ball, location: 2F
1-1: Ball
Pickoff Throw to First - Error! E1
Pedro Díaz to second
2-1: Called Strike
2-2: Foul Ball, location: 2F
2-2: Fly out, F8 (Flyball, 8LXD)
Top of the 8th over - 2 run(s), 3 hit(s), 1 error(s), 1 left on base; Amarillo 5 - Indiana 4
BOTTOM OF THE 8TH
Indiana Hounds batting - Pitching for Amarillo Archdukes : RHP Dalton Ray
Pitching: RHP Brian Hull
Batting: RHB Javier Martínez 0-0: Ball
1-0: Swinging Strike
1-1: Ball
2-1: Ball
3-1: Called Strike
3-2: SINGLE (Groundball, 56) (infield hit)
Batting: RHB Doug Murray 0-0: Swinging Strike
0-1: Swinging Strike
0-2: Ball
1-2: Ball
2-2: Foul Ball, location: 2F
2-2: Strikes out looking
Batting: RHB Jeff Jones 0-0: Ball
1-0: Ball
2-0: Foul Ball, location: 2F
2-1: Foul Ball, location: 2F
2-2: SINGLE (Groundball, 34D)
Javier Martínez to second
Runner from 2nd tries for 3rd, SAFE, no throw
Batting: LHB Denny Poole 0-0: Ball
1-0: Ball
2-0: Called Strike
2-1: Ground out 5-3 (Groundball, 56S)
Jeff Jones to second
Pinch Hitting: LHB Tim Bruce 0-0: Ball
1-0: Fly out, F4 (Popup, 4)
Bottom of the 8th over - 0 run(s), 2 hit(s), 0 error(s), 2 left on base; Amarillo 5 - Indiana 4
TOP OF THE 9TH
Amarillo Archdukes batting - Pitching for Indiana Hounds : RHP Ronald Moore
Now at SS: Tommy Evans
Batting: RHB José Ruíz 0-0: Ball
1-0: Ball
2-0: Ball
3-0: Base on Balls
Pinch Hitting: LHB Edwin Ryan 0-0: Ball
1-0: Ball
2-0: Ball
José Ruíz steals 2nd base
3-0: Called Strike
3-1: Called Strike
3-2: Strikes out swinging
Batting: LHB John Frost 0-0: Ball
1-0: Foul Ball, location: 2F
1-1: Swinging Strike
1-2: Ball
2-2: Strikes out looking
Batting: RHB Norm Francis 0-0: Foul Ball, location: 2F
0-1: Foul Ball, location: 2F
0-2: Foul Ball, location: 2F
0-2: SINGLE (Line Drive, 6MD)
José Ruíz to third
Runner from 3rd tries for Home, SAFE, no throw
Batting: LHB Michael Cook 0-0: Ball
1-0: Swinging Strike
1-1: Foul Ball, location: 2F
1-2: Foul Ball, location: 2F
1-2: Foul Ball, location: 2F
1-2: Fly out, F5 (Flyball, 5D)
Top of the 9th over - 1 run(s), 1 hit(s), 0 error(s), 1 left on base; Amarillo 6 - Indiana 4
BOTTOM OF THE 9TH
Indiana Hounds batting - Pitching for Amarillo Archdukes : RHP Brian Hull
Pitching: LHP Rob Lucas
Now at C: Paul Ladd
Batting: LHB Dave Watson 0-0: Ball
1-0: Ball
2-0: Fly out, F9 (Flyball, 9D)
Batting: LHB Pepe Vázquez 0-0: Called Strike
0-1: Ball
1-1: Ball
2-1: Swinging Strike
2-2: Strikes out swinging
Batting: RHB Danny Walker 0-0: Ball
1-0: Ball
2-0: Called Strike
2-1: Ball
3-1: Ground out 5-3 (Groundball, 56)
Bottom of the 9th over - 0 run(s), 0 hit(s), 0 error(s), 0 left on base; Amarillo 6 - Indiana 4
Tuesday, August 8th, 2017 - OOTP Baseball 17.12 Build 75